 Dungeon Crawl Stone Soup version 0.30-a0-279-g4b46babb21 (webtiles) character file.

Game seed: 8547203195572498306

17044 pokeman the Eclecticist (level 12, -1/66 HPs)
             Began as a Deep Elf Hedge Wizard on Oct 16, 2022.
             Was a Believer of Vehumet.
             Slain by an orc warrior
             ... wielding a +0 scimitar
              (10 damage)
             ... on level 1 of the Orcish Mines.
             The game lasted 00:55:05 (16287 turns).

pokeman the Eclecticist (Deep Elf Hedge Wizard)    Turns: 16287, Time: 00:55:06

Health: -1/66      AC:  9    Str: 20    XL:     12   Next: 15%
Magic:  31/34      EV: 12    Int: 28    God:    Vehumet [**....]
Gold:   406        SH:  5    Dex: 14    Spells: 35/44 levels left

rFire   + . .      SeeInvis +    i - +6 short sword of Iggeusoa {pain, Str+7}
rCold   + . .      Faith    .    G - +0 buckler
rNeg    + . .      Spirit   .    u - +0 leather armour
rPois   .          Reflect  .    C - +0 helmet
rElec   .          Harm     .    n - +0 cloak
rCorr   .          Rampage  .    (no gloves)
Will    +++..                    c - +1 pair of boots of Toqompargh {rF+ Int+3}
Stlth   ++........               (no amulet)
HPRegen 0.31/turn                D - ring "Urefaacu" {rN+ Will++ Str+6}
MPRegen 0.24/turn                v - ring of see invisible

@: no status effects
A: iridescent scales 1, cold resistance 1
a: Renounce Religion


You were on level 1 of the Orcish Mines.
You worshipped Vehumet.
Vehumet was pleased with you.
You visited 4 branches of the dungeon, and saw 15 of its levels.
You also visited: Bailey.

You collected 730 gold pieces.
You spent 324 gold pieces at shops.

Inventory:

Hand Weapons
 i - the +6 short sword of Iggeusoa (weapon) {pain, Str+7}
   (You bought it in a shop on level 5 of the Dungeon)

   In the hands of one skilled in necromantic magic, it inflicts extra damage on
   living creatures.
   Str:       It affects your strength (+7).
 U - a +2 shortbow of freezing
Armour
 c - the +1 pair of boots of Toqompargh (worn) {rF+ Int+3}
   (You found it on level 5 of the Dungeon)

   Int:       It affects your intelligence (+3).
   rF:        It protects you from fire.
 n - a +0 cloak (worn)
 u - a +0 leather armour (worn)
 C - a +0 helmet (worn)
 G - a +0 buckler (worn)
 T - a +1 ring mail of fire resistance
 X - a +2 robe of cold resistance
Jewellery
 g - a ring of protection from cold
 v - a ring of see invisible (right hand)
 z - a +4 ring of slaying
 D - the ring "Urefaacu" (left hand) {rN+ Will++ Str+6}
   (You found it on level 6 of the Dungeon)

   [ring of strength]

   Str:       It affects your strength (+6).
   rN:        It protects you from negative energy.
   Will:      It greatly increases your willpower.
 W - a ring of ice
Wands
 H - a wand of iceblast (7)
 Y - a wand of digging (5)
Scrolls
 p - 6 scrolls of teleportation
 y - a scroll of fog {unknown}
 E - a scroll of silence {unknown}
 N - a scroll of torment {unknown}
 V - a scroll of noise {unknown}
Potions
 a - 7 potions of heal wounds
 d - 5 potions of magic
 l - 6 potions of haste
 r - 4 potions of cancellation {unknown}
 s - a potion of berserk rage {unknown}
 w - 4 potions of curing
 A - 5 potions of brilliance {unknown}
 B - 5 potions of lignification {unknown}
 I - 3 potions of might {unknown}
 K - a potion of experience
 L - a potion of invisibility {unknown}


   Skills:
 - Level 4.0 Fighting
 + Level 3.0 Armour
 - Level 3.0 Dodging
 - Level 3.0 Stealth
 - Level 5.0 Shields
 * Level 16.8 Spellcasting
 + Level 10.0 Conjurations
 - Level 1.1 Hexes
 - Level 1.1 Summonings
 + Level 9.8 Necromancy
 - Level 1.1 Translocations
 - Level 1.2 Air Magic
 - Level 1.0 Poison Magic
 - Level 1.0 Evocations


You had 35 spell levels left.
You knew the following spells:

 Your Spells              Type           Power      Damage    Failure   Level
a - Magic Dart            Conj           100%       1d8       1%          1
b - Mephitic Cloud        Conj/Pois/Air  46%        N/A       1%          3
c - Call Imp              Summ           29%        N/A       3%          2
d - Blink                 Tloc           58%        N/A       3%          2
e - Slow                  Hex            100%       N/A       1%          1

Your spell library contained the following spells:

 Spells                   Type           Power      Damage    Failure   Level
 Static Discharge         Conj/Air       100%       2-7/arc   1%          2
 Cigotuvi's Dreadful Rot  Necr/Pois/Air  92%        N/A       1%          2
 Poisonous Vapours        Pois/Air       58%        N/A       2%          2
 Tukima's Dance           Hex            29%        N/A       6%          3
 Passage of Golubria      Tloc           29%        N/A       19%         4
 Yara's Violent Unravell  Hex/Tmut       13%        3d7       54%         5


Dungeon Overview and Level Annotations

Branches:
Dungeon (11/15)            Temple (1/1) D:4            Lair (1/5) D:8
    Orc (2/2) D:10         Bailey (visited)
    Elf: Orc:2

Altars:
Ashenzari
Cheibriados
Dithmenos
Elyvilon
Fedhas
Gozag
Hepliaklqana
Kikubaaqudgha
Makhleb
Nemelex Xobeh
Okawaru
Qazlal
Ru
Sif Muna
Trog
Uskayaw
Vehumet
Wu Jian
Xom
Yredelemnul
Zin
The Shining One

Shops:
D:5 (:!   D:8 !:!(   D:10 (   Orc:1 *   Orc:2 *


Innate Abilities, Weirdness & Mutations

You are partially covered in iridescent scales. (AC +2)
Your flesh is cold resistant. (rC+)


Message History

The orc warrior hits you with a +0 scimitar!
The warg misses you.
Unknown command.
Unknown command.
You feel stable enough to blink again.
The orc warrior is engulfed in noxious fumes.
Unknown command.
You hit the warg.
The warg writhes in agony!
The warg is moderately wounded.
The warg pauses to sniff the ground.
The warg barely misses you.
The orc warrior is engulfed in noxious fumes.
The orc warrior misses you.
Unknown command.
You hit the warg but do no damage.
The warg writhes in agony!
The warg is heavily wounded.
The warg stops to sniff the ground.
You block the warg's attack.
The orc warrior is engulfed in noxious fumes.
The orc warrior appears confused.
The orc warrior hits you with a +0 scimitar.
The warg bites you.
You hit the warg.
The warg writhes in agony!
The warg is severely wounded.
The orc warrior is engulfed in noxious fumes.
The orc warrior appears confused.
The orc warrior hits you with a +0 scimitar.
The warg closely misses you.
Unknown command.
You puncture the warg!
You kill the warg!
Vehumet accepts your kill.
The orc warrior hits you with a +0 scimitar!
* * * LOW HITPOINT WARNING * * *
Unknown command.
You hit the orc warrior but do no damage.
The orc warrior writhes in agony!
The orc warrior is moderately wounded.
The orc warrior hits you with a +0 scimitar!
You die...

..##....##.## ..###.......###
### ...##.#....#..## ##.##
...............# ##...#
...##.........####.#..## ###
..####.#.......#.......###.##
.## ##.............#...#...#
######.........#...#........##
##.#.#.........#@............#
#.............#oo)........#.##
#...............[#...).#.#.##
............)...............#
##...........>[#.∩.#.......##
#..........#.[[..[..#.....##
##...............#).#.##..##
##.#..............[)..#...#
#####....................#


You could see an orc warrior (confused) and an orc.

Vanquished Creatures
  Fannar (D:10)
  6 two-headed ogres
  A boulder beetle (D:10)
  An ogre mage (Orc:1)
  An orc knight (Bailey)
  2 ugly things (D:10)
  An unseen horror (D:10)
  The ghost of gzilladon the Chopper, an amateur MiFi of Ashenzari (D:5)
  A troll (D:9)
  Prince Ribbit (D:7)
  2 vampires
  Sigmund (D:5)
  3 wyverns
  15 yaks
  5 humans (D:8)
  A basilisk (D:10)
  Menkaure (D:5)
  A vampire mosquito (D:10)
  2 wargs (Orc:1)
  An acid dragon (D:9)
  2 water moccasins
  3 ice beasts
  8 orc warriors
  A sky beast (D:7)
  A black bear (D:8)
  5 centaurs
  2 ogres
  A wolf (Lair:1)
  3 kobold brigands
  3 bullfrogs
  4 scorpions
  8 wights
  2 gnoll sergeants (D:9)
  17 killer bees
  5 howler monkeys (D:9)
  A lava snake (D:9)
  2 jellies
  Crazy Yiuf (D:2)
  4 hounds (D:5)
  4 orc priests
  2 gnoll boudas (D:6)
  2 iguanas (D:5)
  3 orc wizards
  10 adders
  33 gnolls
  A white imp (D:7)
  4 worms
  2 dart slugs (D:1)
  47 orcs
  3 ball pythons
  5 bats
  10 endoplasms
  2 giant cockroaches
  10 goblins
  10 hobgoblins
  3 jackals (D:3)
  14 kobolds
  5 quokkas
  3 frilled lizards
  3 rats (D:1)
297 creatures vanquished.

Vanquished Creatures (collateral kills)
  2 killer bees (D:5)
  A kobold (D:9)
3 creatures vanquished.

Vanquished Creatures (others)
  2 lava snakes (D:9)
  2 fungi (D:7)
  8 plants
12 creatures vanquished.

Grand Total: 312 creatures vanquished

Notes
Turn   | Place    | Note
-------+----------+-------------------------------------------
     0 | D:1      | pokeman the Deep Elf Hedge Wizard began the quest for the
                  | Orb.
     0 | D:1      | Reached XP level 1. HP: 10/10 MP: 7/7
   229 | D:1      | Reached XP level 2. HP: 16/16 MP: 6/9
   781 | D:1      | Reached skill level 5 in Spellcasting
   926 | D:1      | Reached XP level 3. HP: 20/20 MP: 9/11
   930 | D:1      | Learned a level 3 spell: Mephitic Cloud
   933 | D:1      | Learned a level 2 spell: Blink
   935 | D:1      | Learned a level 1 spell: Slow
   938 | D:1      | Learned a level 2 spell: Call Imp
  1596 | D:2      | Reached skill level 1 in Fighting
  1654 | D:2      | Reached skill level 1 in Armour
  1737 | D:2      | Reached XP level 4. HP: 25/25 MP: 8/13
  2476 | D:2      | Found a runed translucent door.
  2477 | D:2      | Noticed Crazy Yiuf
  2613 | D:2      | Killed Crazy Yiuf
  2614 | D:2      | Reached skill level 6 in Spellcasting
  2614 | D:2      | Reached XP level 5. HP: 29/29 MP: 11/15
  2925 | D:3      | Reached skill level 1 in Hexes
  3025 | D:3      | Found an iron altar of Okawaru.
  3054 | D:3      | Found a snail-covered altar of Cheibriados.
  3160 | D:3      | Found a hide-covered altar of Uskayaw.
  3792 | D:4      | Noticed a centaur
  3797 | D:4      | Reached skill level 1 in Air Magic
  3797 | D:4      | Reached skill level 1 in Poison Magic
  3797 | D:4      | Reached XP level 6. HP: 19/34 MP: 10/17
  3814 | D:4      | Reached skill level 7 in Spellcasting
  3939 | D:4      | Noticed an ice beast
  3950 | D:4      | Killed an ice beast
  4067 | D:4      | Reached XP level 7. HP: 17/39 MP: 10/20
  4249 | D:4      | Found a shadowy altar of Dithmenos.
  4330 | D:4      | Found a glowing golden altar of the Shining One.
  4339 | D:4      | Found a basalt altar of Yredelemnul.
  4341 | D:4      | Noticed a profane servitor
  4392 | D:4      | Found a staircase to the Ecumenical Temple.
  4404 | Temple   | Entered the Ecumenical Temple
  4818 | D:4      | Noticed an angel
  4867 | D:5      | Entered Level 5 of the Dungeon
  4867 | D:5      | Found Bithrump's Book Shoppe.
  4872 | D:5      | Reached skill level 8 in Spellcasting
  4934 | D:5      | Found Uphero's Antique Weapon Shop.
  4937 | D:5      | Found a hazy altar of Hepliaklqana.
  4939 | D:5      | Gained mutation: You are partially covered in iridescent
                  | scales. (AC +2) [potion of mutation]
  4939 | D:5      | Gained mutation: Your flesh is cold resistant. (rC+)
                  | [potion of mutation]
  4953 | D:5      | HP: 2/40 [poisoned by a water moccasin]
  5258 | D:5      | Bought a warped short sword for 136 gold pieces
  5258 | D:5      | Identified the +6 short sword of Iggeusoa {pain, Str+7}
                  | (You bought it in a shop on level 5 of the Dungeon)
  5395 | D:5      | Noticed gzilladon's ghost (amateur MiFi)
  5420 | D:5      | Found a transporter.
  5425 | D:5      | Found a transporter.
  5485 | D:5      | Reached skill level 1 in Necromancy
  5612 | D:5      | Noticed Sigmund
  5621 | D:5      | Killed Sigmund
  5622 | D:5      | Reached skill level 9 in Spellcasting
  5622 | D:5      | Reached XP level 8. HP: 44/44 MP: 19/23
  5704 | D:5      | Noticed Menkaure
  5714 | D:5      | Killed Menkaure
  5892 | D:5      | Found Fikleqa's Distillery.
  5895 | D:5      | Bought a potion of curing for 42 gold pieces
  5895 | D:5      | Bought a potion of degeneration for 14 gold pieces
  6116 | D:5      | Identified the +1 pair of boots of Toqompargh {rF+ Int+3}
  6190 | D:6      | Reached skill level 5 in Conjurations
  6358 | D:6      | Reached skill level 10 in Spellcasting
  6553 | D:6      | Identified the ring "Urefaacu" {rN+ Will++ Str+6}
  7471 | D:7      | Reached XP level 9. HP: 49/49 MP: 17/25
  7475 | D:7      | Noticed Prince Ribbit
  7515 | D:6      | Reached skill level 11 in Spellcasting
  7825 | D:7      | Found a blossoming altar of Fedhas.
  8032 | D:7      | Killed Prince Ribbit
  8183 | D:8      | Found a flagged portal.
  8189 | D:8      | Reached skill level 5 in Necromancy
  8190 | Bailey   | Entered a bailey
  8530 | Bailey   | Noticed an orc knight
  8534 | Bailey   | Reached skill level 1 in Evocations
  8539 | Bailey   | Killed an orc knight
  8540 | Bailey   | Reached skill level 1 in Shields
  8540 | Bailey   | Reached skill level 12 in Spellcasting
  8784 | D:8      | Reached XP level 10. HP: 25/56 MP: 1/28
  8945 | D:8      | Found a staircase to the Lair.
  8998 | D:8      | Found Tudaov's Weapon Shop.
  9084 | D:8      | Reached skill level 13 in Spellcasting
  9336 | D:8      | Found Ugisiar's Distillery.
  9344 | D:8      | Bought a potion of curing for 36 gold pieces
  9344 | D:8      | Bought a potion of heal wounds for 60 gold pieces
  9344 | D:8      | Bought a potion of flight for 36 gold pieces
  9377 | D:8      | Found Aplawk's Book Emporium.
  9680 | D:8      | Found Peggucy's Distillery.
  9975 | D:9      | Found a radiant altar of Vehumet.
 10746 | D:9      | Noticed a two-headed ogre
 10818 | D:9      | Killed a two-headed ogre
 10819 | D:9      | Reached skill level 14 in Spellcasting
 11266 | D:9      | Became a worshipper of Vehumet
 12023 | D:10     | Entered Level 10 of the Dungeon
 12027 | D:10     | Found a staircase to the Orcish Mines.
 12058 | D:10     | Found Haahude's Weapon Emporium.
 12296 | D:10     | Found a shimmering altar of Xom.
 12299 | D:10     | Found a shimmering altar of Xom.
 12304 | D:10     | Reached XP level 11. HP: 60/60 MP: 28/31
 12304 | D:10     | Found a shimmering altar of Xom.
 12317 | D:10     | Found a shimmering altar of Xom.
 12317 | D:10     | Found a shimmering altar of Xom.
 12517 | D:10     | Noticed Fannar
 12546 | D:10     | Killed Fannar
 12627 | D:10     | Reached skill level 15 in Spellcasting
 12793 | D:10     | Noticed a boulder beetle
 13463 | D:5      | HP: 2/60 [killer bee (7)]
 13470 | D:5      | Reached * piety under Vehumet
 13470 | D:5      | Offered knowledge of Shock by Vehumet.
 13476 | D:5      | HP: 2/60 [killer bee (3)]
 13503 | D:5      | HP: 1/60 [gzilladon's ghost (13)]
 13573 | D:5      | HP: 2/60 [gzilladon's ghost (11)]
 13638 | D:5      | HP: 2/60 [gzilladon's ghost (7)]
 13652 | D:5      | Killed gzilladon's ghost
 14000 | Lair:1   | Entered Level 1 of the Lair of Beasts
 14081 | Orc:1    | Entered Level 1 of the Orcish Mines
 14081 | Orc:1    | Noticed an ogre mage
 14081 | Orc:1    | Noticed a two-headed ogre
 14081 | Orc:1    | Noticed a two-headed ogre
 14081 | Orc:1    | Noticed a two-headed ogre
 14081 | Orc:1    | Noticed a two-headed ogre
 14081 | Orc:1    | Noticed a two-headed ogre
 14081 | Orc:1    | Found Owufemun's General Store.
 14099 | D:10     | Killed a two-headed ogre
 14250 | D:10     | Killed a boulder beetle
 14251 | D:10     | Reached skill level 5 in Shields
 14438 | D:10     | Noticed a white ugly thing
 14455 | D:10     | Noticed a cyan ugly thing
 14459 | D:10     | Killed a cyan ugly thing
 14474 | D:10     | Killed a cyan ugly thing
 14475 | D:10     | Reached skill level 16 in Spellcasting
 15116 | Orc:1    | Killed a two-headed ogre
 15130 | Orc:1    | Killed a two-headed ogre
 15163 | D:10     | Killed a two-headed ogre
 15164 | D:10     | Reached XP level 12. HP: 7/66 MP: 3/34
 15400 | D:10     | Killed a two-headed ogre
 15748 | Orc:1    | Killed an ogre mage
 15749 | Orc:1    | Reached skill level 10 in Conjurations
 15874 | Orc:2    | Entered Level 2 of the Orcish Mines
 15874 | Orc:2    | Found Nakhlebiy's General Store.
 16002 | Orc:2    | Noticed an orc high priest
 16006 | Orc:2    | Offered knowledge of Static Discharge by Vehumet.
 16175 | Orc:1    | Reached ** piety under Vehumet
 16287 | Orc:1    | Slain by an orc warrior

Illustrated notes

Levels and vault maps discovered:
D:1:      mrwooster_arrival_statue_2, layout_basic
D:2:      layout_basic, uniq_crazy_yiuf_cottage
D:3:      cheibrodos_helix_gallery, layout_basic, okawaru_ov_weapons_minmay,
          slow_altar_1, nicolae_uskayaw_murder_on_the_dancefloor,
          hex_intersection
D:4:      layout_cave_pools, grunt_temple_overflow_holy_war,
          mainiacjoe_overflow_alcove_2, minmay_temple_entry_slanted
D:5:      nicolae_BIG_FREAKIN_CUBE, layout_cave_pools,
          nicolae_hepliaklqana_hazy_memory, gammafunk_ghost_hive, serial_shops,
          nicolae_shop_behind_doors, nicolae_stop_n_shop_2,
          nicolae_shop_behind_doors, serial_co_window_serial, co_window_paths_a,
          co_window_of_opportunity_a, co_window_paths_a,
          co_window_of_opportunity_a, co_window_corner_a,
          co_window_unsneaky_path_b, co_window_corner_ca, co_window_corner_cb,
          glass_columns_b, glass_columns_a, glass_columns_a, uniq_sigmund,
          uniq_menkaure
D:6:      layout_basic
D:7:      layout_cave_pools, fedhas_altar_3, uniq_prince_ribbit1
D:8:      layout_basic, lair_entry_dummy, enter_bailey_3, serial_shops, shop,
          nicolae_shop_hallway_stairs, nicolae_lakefront_shop, shop,
          abandoned_shop, glass_columns_a, minmay_ruffians
D:9:      layout_cave_pools, nicolae_vehumet_altar_sigil, minmay_misc_feat_room,
          kennysheep_diamond, minmay_fractal_squares_5
D:10:     minmay_slanted_spiral_squares, layout_loops_ring, xom_redecorated,
          orc_david_3, uniq_fannar
D:11:     layout_cave_pods, minivault_16
Temple:   nicolae_temple_bog_church
Lair:1:   layout_loops_ring
Orc:1:    layout_caves, basic_altar, serial_shops, nicolae_shop_waterfront,
          nicolae_shop_stone
Orc:2:    st_orc_town, layout_caves, serial_shops, shop

Skill      XL: |  1  2  3  4  5  6  7  8  9 10 11 12 |
---------------+-------------------------------------+-----
Spellcasting   | 5 6 7 9 10 12 14 16 | 16.8
Fighting       | 1 2 3 4 |  4.0
Armour         | 1 2 3 |  3.0
Conjurations   | 2 3 4 5 7 8 9 10 | 10.0
Dodging        | 3 |  3.0
Stealth        | 3 |  3.0
Hexes          | 1 |  1.1
Air Magic      | 1 |  1.2
Poison Magic   | 1 |  1.0
Necromancy     | 1 4 6 7 9 |  9.8
Evocations     | 1 |  1.0
Shields        | 2 4 5 |  5.0
Summonings     | |  1.1
Translocations | |  1.1

Action                   |  1- 3 |  4- 6 |  7- 9 | 10-12 || total
-------------------------+-------+-------+-------+-------++-------
Melee: Short sword       |       |       |   141 |   272 ||   413
       Punch             |       |       |     4 |     2 ||     6
 Fire: Sling             |     4 |    27 |       |       ||    31
       Shortbow          |       |       |    46 |   107 ||   153
Throw: Throwing net      |       |       |       |     2 ||     2
 Cast: Magic Dart        |    80 |   123 |   155 |   117 ||   475
       Blink             |     1 |       |     7 |    44 ||    52
       Mephitic Cloud    |       |     4 |    31 |    93 ||   128
       Slow              |       |     3 |     4 |    15 ||    22
       Call Imp          |       |       |     4 |    11 ||    15
Evoke: Wand              |       |       |     1 |    16 ||    17
  Use: Potion            |       |       |     3 |     3 ||     6
       Scroll            |       |       |       |     8 ||     8
 Stab: Confused          |       |       |    14 |    39 ||    53
       Sleeping          |       |       |     6 |       ||     6
Armor: Robe              |     2 |       |       |       ||     2
       Leather armour    |       |     5 |    48 |    87 ||   140
Dodge: Dodged            |     5 |    12 |   101 |   225 ||   343
Block: Buckler           |       |       |       |    33 ||    33

Table legend: (Time is in decaauts)
 A = Elapsed time spent in this place.
 B = Non-inter-level travel time spent in this place.
 C = Inter-level travel time spent in this place.
 D = Time resting spent in this place.
 E = Time spent auto-exploring this place.
 F = Levels seen in this place.
 G = Mean time per level.
                   A        B        C        D        E       F      G
               +--------+--------+--------+--------+--------+-----+--------+
         Total |  16393 |  14987 |   1406 |   1663 |  10003 |  16 | 1024.6 |
       Dungeon |  15035 |  13662 |   1373 |   1238 |   9604 |  11 | 1366.8 |
        Temple |    238 |    221 |     17 |      0 |    173 |   1 |  238.0 |
          Lair |     14 |     14 |      0 |      0 |      3 |   1 |   14.0 |
  Orcish Mines |    593 |    579 |     14 |    294 |    110 |   2 |  296.5 |
        Bailey |    511 |    511 |      0 |    131 |    112 |   1 |  511.0 |
               +--------+--------+--------+--------+--------+-----+--------+

Top non-repeatable levels by time:
    D:10: 2667 daAuts
     D:8: 2105 daAuts
     D:5: 1784 daAuts
     D:9: 1570 daAuts
     D:1: 1389 daAuts
     D:2: 1303 daAuts
     D:6: 1177 daAuts
     D:4: 1094 daAuts
     D:3: 1028 daAuts
     D:7: 910 daAuts
   Orc:1: 537 daAuts
  Bailey: 511 daAuts
  Temple: 238 daAuts
   Orc:2: 56 daAuts
  Lair:1: 14 daAuts
